 Dungeon Crawl Stone Soup version 0.29-a0-333-gb4c28e87c6 (webtiles) character file.

Game seed: 3874680211859688982

92 Dyamorph the Bolt Thrower (level 4, -4/27 HPs)
             Began as a Gargoyle Hunter on Apr 13, 2022.
             Slain by an iguana (10 damage)
             ... on level 4 of the Dungeon.
             The game lasted 00:02:58 (2587 turns).

Dyamorph the Bolt Thrower (Gargoyle Hunter)         Turns: 2587, Time: 00:02:58

Health: -4/27      AC: 12    Str: 17    XL:     4   Next: 60%
Magic:  4/4        EV:  7    Int:  9    God:
Gold:   199        SH:  0    Dex: 13    Spells: 3/3 levels left

rFire   + . .      SeeInvis .   a - +1 hand crossbow
rCold   . . .      Faith    .   (no shield)
rNeg    + . .      Spirit   .   f - +0 chain mail
rPois   ∞          Reflect  .   (no helmet)
rElec   +          Harm     .   (no cloak)
rCorr   .          Rampage  .   (no gloves)
Will    .....                   (no boots)
Stlth   ..........              (no amulet)
HPRegen 0.09/turn               l - ring of protection from fire
MPRegen 0.09/turn               (no ring)

@: no status effects
A: sickness immunity, AC +3, negative energy resistance 1, electricity
resistance, torment resistance 1, petrification resistance
a: no special abilities


You were on level 4 of the Dungeon.
You visited 1 branch of the dungeon, and saw 4 of its levels.

You collected 199 gold pieces.

Inventory:

Hand Weapons
 a - a +1 hand crossbow (weapon)
Armour
 f - a +0 chain mail (worn)
Jewellery
 l - a ring of protection from fire (left hand)
 n - a ring of flight
Scrolls
 b - a scroll of enchant weapon {unknown}
 c - a scroll of immolation
 m - a scroll of silence {unknown}
Potions
 d - a potion of resistance {unknown}
 e - a potion of invisibility {unknown}
 g - a potion of heal wounds {unknown}
 h - 2 potions of might {unknown}
 i - 2 potions of haste {unknown}
 j - 2 potions of curing {unknown}
 k - a potion of degeneration {unknown}


   Skills:
 + Level 2.6 Fighting
 + Level 5.2 Crossbows
 * Level 2.0 Armour
 - Level 1.5 Dodging
 - Level 1.1 Stealth


You had 3 spell levels left.
You didn't know any spells.
Your spell library was empty.

Dungeon Overview and Level Annotations

Branches:
Dungeon (4/15)
 Temple: D:4-7

Altars:
Hepliaklqana


Innate Abilities, Weirdness & Mutations

You are immune to sickness and miasma.
Your stone body is resilient. (AC +3)
You are immune to poison.
You resist negative energy. (rN+)
You are resistant to electric shocks. (rElec)
You are resistant to unholy torment.
You are immune to petrification.


Message History

The goblin barely misses you. The goblin hits you with a +0 club.
You shoot a bolt. The bolt hits the goblin!
You kill the goblin!
No target in view!
HP restored.
You now have 199 gold pieces (gained 7).
Things that are here:
a +0 club; a goblin corpse An orc comes into view.
It is wielding a +0 dagger.
The orc shouts!
An orc is nearby!
An orc is nearby!
You shoot a bolt. The bolt hits the orc!
You kill the orc!
No target in view!
No target in view!
No target in view!
An iguana comes into view.
You shoot a bolt. The bolt closely misses the iguana.
No target in view!
No target in view!
No target in view!
An iguana is nearby!
You shoot a bolt. The bolt closely misses the iguana.
You shoot a bolt. The bolt hits the iguana.
The iguana is moderately wounded.
An orc wizard comes into view. It is wielding a +0 dagger.
The iguana bites you! The iguana barely misses you.
You shoot a bolt. The orc wizard shouts!
The bolt hits the iguana.
The iguana is moderately wounded.
You hear a shout!
The iguana bites you!
An orc comes into view. It is wielding a +1 vorpal hand axe.
The orc wizard points at you and mumbles some strange words.
The magic dart hits you.
* * * LOW HITPOINT WARNING * * *
The iguana bites you!
You die...

...........
...........o ##..##
).............
......
........<....##.....
.........#...#.)...
#.. ....###.o......
.... #.........#..
....##.<.......l#
#.............@#
.#.##...........#
...............##
.##.....##....##
###....)..#.#
#.....#####
.....#...#
.##.###### #.


You could see an iguana, an orc wizard and an orc (wandering).

Vanquished Creatures
  Jessica (D:2)
  2 adders
  A dart slug (D:2)
  An orc (D:4)
  3 bats
  6 endoplasms
  2 giant cockroaches (D:1)
  3 goblins
  8 hobgoblins
  A quokka (D:1)
  A ball python (D:1)
  5 frilled lizards (D:1)
  5 kobolds
  4 rats
43 creatures vanquished.

Notes
Turn   | Place    | Note
-------+----------+-------------------------------------------
     0 | D:1      | Dyamorph the Gargoyle Hunter began the quest for the Orb.
     0 | D:1      | Reached XP level 1. HP: 12/12 MP: 1/1
   151 | D:1      | Reached XP level 2. HP: 10/17 MP: 2/2
   669 | D:1      | Reached XP level 3. HP: 19/21 MP: 3/3
  1205 | D:2      | Reached skill level 1 in Armour
  1381 | D:2      | Reached skill level 5 in Crossbows
  1693 | D:2      | Noticed Jessica
  1696 | D:2      | Killed Jessica
  1697 | D:2      | Reached XP level 4. HP: 27/27 MP: 4/4
  1702 | D:2      | Found a faded altar of an unknown god.
  2274 | D:3      | Found a hazy altar of Hepliaklqana.
  2587 | D:4      | Slain by an iguana

Illustrated notes

Levels and vault maps discovered:
D:1:      dpeg_arrival_three_same_balls, layout_basic
D:2:      layout_rooms, shapermc_ecumenical_altar_mp_ritualfount, uniq_jessica
D:3:      layout_loops_ring, nicolae_hepliaklqana_hazy_memory
D:4:      gammafunk_wand_slinger, layout_cave_pools

Skill      XL: |  1  2  3  4 |
---------------+-------------+-----
Armour         | 1 2 |  2.0
Crossbows      | 5 |  5.2
Fighting       | |  2.6
Dodging        | |  1.5
Stealth        | |  1.1

Action                   |  1- 3 |  4- 6 || total
-------------------------+-------+-------++-------
 Fire: Hand crossbow     |   115 |    33 ||   148
Armor: Chain mail        |    72 |    13 ||    85
       Leather armour    |     1 |       ||     1
Dodge: Dodged            |    44 |    13 ||    57

Table legend: (Time is in decaauts)
 A = Elapsed time spent in this place.
 B = Non-inter-level travel time spent in this place.
 C = Inter-level travel time spent in this place.
 D = Time resting spent in this place.
 E = Time spent auto-exploring this place.
 F = Levels seen in this place.
 G = Mean time per level.
                   A        B        C        D        E       F      G
               +--------+--------+--------+--------+--------+-----+--------+
         Total |   2691 |   2611 |     80 |      0 |   2225 |   4 |  672.8 |
       Dungeon |   2691 |   2611 |     80 |      0 |   2225 |   4 |  672.8 |
               +--------+--------+--------+--------+--------+-----+--------+

Top non-repeatable levels by time:
     D:1: 1194 daAuts
     D:3: 766 daAuts
     D:2: 669 daAuts
     D:4: 60 daAuts
